 Dungeon Crawl Stone Soup version 0.25-a0-860-gf695395b5c (webtiles) character file.

Game seed: 9094644055152391838, levelgen mode: deterministic

11368 deepelf3rune the Thaumaturge (level 11, -36/54 HPs)
             Began as a Deep Elf Fire Elementalist on Apr 26, 2020.
             Was an Elder of Vehumet.
             Killed from afar by a deep elf mage (41 damage)
             ... with a bolt of lightning
             ... on level 12 of the Dungeon on Apr 28, 2020.
             The game lasted 00:47:00 (14019 turns).

deepelf3rune the Thaumaturge (DEFE)                Turns: 14019, Time: 00:47:01

Health: -36/54     AC: 10    Str:  5    XL:     11   Next: 48%
Magic:  33/38      EV: 13    Int: 24    God:    Vehumet [****..]
Gold:   247        SH:  5    Dex: 18    Spells: 0/35 levels left

rFire    + + .     SeeInvis +   u - +9 short sword "Widowermaker" {freeze, Dex+3 SInv}
rCold    . . .     Gourm    .   p - +0 buckler
rNeg     . . .     Faith    .   E - +0 robe {rC+ rF+}
rPois    .         Spirit   .   F - +0 helmet
rElec    .         Reflect  .   j - +2 cloak
rCorr    .         Harm     .   H - +0 pair of gloves
MR       +....                  x - +2 pair of boots
Stlth    ++........             (no amulet)
HPRegen  0.18/turn              k - ring of fire
MPRegen  0.26/turn              v - ring of magical power

@: no status effects
A: no striking features
a: Renounce Religion


You were on level 12 of the Dungeon.
You worshipped Vehumet.
Vehumet was greatly pleased with you.
You were hungry.

You visited 2 branches of the dungeon, and saw 13 of its levels.

You collected 359 gold pieces.
You spent 112 gold pieces at shops.

Inventory:

Hand Weapons
 u - the +9 short sword "Widowermaker" (weapon) {freeze, Dex+3 SInv}
   (You found it on level 4 of the Dungeon)

   It has been specially enchanted to freeze those struck by it, causing extra
   injury to most foes and up to half again as much damage against particularly
   susceptible opponents.
   It can also slow down cold-blooded creatures.
   It affects your dexterity (+3).
   It lets you see invisible.
Missiles
 h - 310 stones (quivered)
 y - 4 throwing nets
Armour
 j - a +2 cloak (worn)
 p - a +0 buckler (worn)
 x - a +2 pair of boots (worn)
 E - a +0 robe of resistance (worn)
 F - a +0 helmet (worn)
 H - a +0 pair of gloves (worn)
Jewellery
 k - a ring of fire (left hand)
 v - a ring of magical power (right hand)
 G - a +2 ring of strength {unknown}
Wands
 o - a wand of iceblast (5)
 B - a wand of paralysis (3)
Scrolls
 b - 2 scrolls of identify
 d - a scroll of amnesia {unknown}
 e - a scroll of fear {unknown}
 g - 5 scrolls of remove curse
 i - 8 scrolls of teleportation
 l - a scroll of magic mapping
 n - 2 scrolls of immolation
 r - 3 scrolls of fog
 J - a scroll of enchant armour {unknown}
Potions
 a - 2 potions of brilliance
 f - a potion of mutation {unknown}
 m - a potion of lignification {unknown}
 q - 2 potions of stabbing
 s - 6 potions of curing
 t - a potion of berserk rage {unknown}
 A - a potion of invisibility {unknown}
 C - a potion of might {unknown}
 D - 2 potions of ambrosia
 I - a potion of resistance {unknown}
Comestibles
 c - 17 rations
 z - 3 chunks of flesh


   Skills:
 + Level 7.0 Short Blades
 - Level 2.4 Dodging
 - Level 2.4 Stealth
 - Level 4.0 Shields
 * Level 12.5 Spellcasting
 + Level 8.9 Conjurations
 - Level 10.0 Fire Magic
 + Level 2.8 Air Magic
 - Level 5.0 Earth Magic


You couldn't memorise any spells.
You knew the following spells:

 Your Spells              Type           Power        Failure   Level  Hunger
a - Foxfire               Conj/Fire      ####         1%          1    None
b - Conjure Flame         Conj/Fire      ######..     1%          3    None
c - Sticky Flame          Conj/Fire      ######..     1%          4    None
d - Fireball              Conj/Fire      ######....   1%          5    ###....
e - Inner Flame           Hex/Fire       ######..     1%          3    None
f - Magic Dart            Conj           ####         1%          1    None
g - Sandblast             Erth           #####.       1%          1    None
h - Lee's Rapid Deconstr  Erth           #####.....   4%          5    ###....
i - Static Discharge      Conj/Air       #####...     1%          3    None
j - Airstrike             Air            ####......   3%          4    None
k - Iskenderun's Battles  Conj/Chrm      #####...     5%          5    ###....

Your spell library contained the following spells:

 Spells                   Type           Power        Failure   Level  Hunger
 Stone Arrow              Conj/Erth      #####.       1%          3    None
 Passwall                 Tmut/Erth      ####....     2%          2    None
 Beastly Appendage        Tmut           ###...       4%          1    None
 Infusion                 Chrm           ###.         4%          1    None
 Sting                    Tmut/Pois      ###.         4%          1    None
 Shroud of Golubria       Chrm/Tloc      ###...       6%          2    None
 Song of Slaying          Chrm           ###.....     6%          2    None
 Ozocubu's Armour         Chrm/Ice       ###.....     12%         3    None
 Spectral Weapon          Hex/Chrm       ###.....     12%         3    None
 Petrify                  Tmut/Erth      ####....     14%         4    None
 Spellforged Servitor     Conj/Summ      #####.....   77%         7    ######.
 Hydra Form               Tmut           ###.......   99%         6    #####..


Dungeon Overview and Level Annotations

Branches:
Dungeon (13/15)            Temple (1/1) D:5
   Lair: D:8-11         Orc: D:9-12      Vaults: D:13-14

Altars:
Ashenzari
Cheibriados
Dithmenos
Elyvilon
Fedhas
Gozag
Hepliaklqana
Kikubaaqudgha
Makhleb
Nemelex Xobeh
Okawaru
Qazlal
Ru
Sif Muna
Trog
Uskayaw
Vehumet
Wu Jian
Xom
Yredelemnul
Zin
The Shining One

Shops:
D:4 [   D:6 :!(   D:13 *

Annotations:
D:12 1 runed translucent door, Hajin's ghost, journeyman DrCj


Message History

Press: ? - help, Shift-Dir - straight line, f - deep elf mage
Aim: a deep elf mage, wielding a +0 long sword and wearing a +0 leather armour The magic dart hits the deep elf mage.
The deep elf mage is lightly wounded.
Your battlesphere fires!
The barrage of energy hits the deep elf mage!
The deep elf mage is moderately wounded.
The deep elf mage casts a spell at you. The bolt of lightning hits you!!
Ouch! That really hurt!
* * * LOW HITPOINT WARNING * * *
You feel much better.
The deep elf mage gestures at you while chanting.
The bolt of lightning hits you!!
Ouch! That really hurt!
* * * LOW HITPOINT WARNING * * *
The deep elf mage casts a spell at you. The bolt of lightning hits you!!!
Ouch! That really hurt!
You die...

#§§. #§§§ #§Wy
##+#########
#..........#
#...e.......
###..........#
#.....@......#
...#....*.....#
#.......!..#
####.#######
#.# ..# .## .


You could see a deep elf mage, a vampire mosquito, Hajin's ghost and a friendly
battlesphere.

Vanquished Creatures
  2 two-headed ogres
  An ugly thing (D:13)
  Joseph (D:9)
  Prince Ribbit (D:5)
  3 trolls
  Grinder (D:3)
  A hippogriff (D:8)
  5 slime creatures (D:13)
  The ghost of Maedhros the Insei, an amateur OpCK of Xom (D:6)
  3 hogs (D:7)
  A wraith (D:13)
  4 yaks
  A basilisk (D:13)
  A human (D:7)
  2 hungry ghosts
  Menkaure (D:5)
  A naga (shapeshifter) (D:13)
  3 water moccasins
  6 orc warriors
  3 ogres
  4 phantoms
  A black bear (D:7)
  2 sky beasts
  2 ice beasts
  A centaur (D:13)
  A crocodile (D:13)
  11 big kobolds (D:6)
  5 bullfrogs
  4 scorpions
  2 electric eels (D:13)
  8 wights
  3 howler monkeys
  2 crimson imps
  2 bullfrog zombies (D:6)
  A quasit (D:9)
  A hound (D:6)
  4 orc priests
  2 jellies
  7 orc wizards
  Crazy Yiuf (D:2)
  3 bullfrog skeletons
  A centaur skeleton (D:6)
  Jessica (D:2)
  8 worker ants
  A killer bee zombie (D:5)
  A hound skeleton (D:5)
  21 adders
  2 gnolls (D:7)
  2 shadow imps
  An ooze (D:3)
  An adder skeleton (D:4)
  4 worms
  A dart slug (D:2)
  4 leopard geckos
  31 orcs
  7 giant cockroaches
  15 goblins
  14 hobgoblins
  16 jackals
  12 kobolds
  2 quokkas
  5 bats
  5 frilled lizards
  A jackal skeleton (D:9)
  4 rats
  A butterfly (D:5)
270 creatures vanquished.

Vanquished Creatures (others)
  An orc (D:13)
  348 foxfires
  2 fungi (D:6)
351 creatures vanquished.

Grand Total: 621 creatures vanquished

Notes
Turn   | Place    | Note
-------+----------+-------------------------------------------
     0 | D:1      | deepelf3rune the Deep Elf Fire Elementalist began the quest
                  | for the Orb.
     0 | D:1      | Reached XP level 1. HP: 10/10 MP: 6/6
     0 | D:1      | Upgraded the game from 0.25-a0-855-g681bda5bb4 to
                  | 0.25-a0-860-gf695395b5c
   546 | D:1      | Reached XP level 2. HP: 15/15 MP: 5/8
  1315 | D:2      | Noticed Jessica
  1326 | D:2      | Killed Jessica
  1326 | D:2      | Reached XP level 3. HP: 19/19 MP: 5/10
  1661 | D:2      | Learned a level 3 spell: Conjure Flame
  1784 | D:2      | Reached XP level 4. HP: 21/24 MP: 7/11
  1832 | D:2      | Found a runed translucent door.
  1833 | D:2      | Noticed Crazy Yiuf
  2056 | D:2      | Killed Crazy Yiuf
  2056 | D:2      | Reached skill level 4 in Spellcasting
  2706 | D:3      | Found a glowing golden altar of the Shining One.
  3103 | D:3      | Reached skill level 5 in Fire Magic
  3209 | D:3      | Found an iron altar of Okawaru.
  3577 | D:3      | Reached XP level 5. HP: 27/28 MP: 7/13
  4066 | D:3      | Noticed Grinder
  4068 | D:3      | Paralysed by Grinder for 5 turns
  4078 | D:3      | Paralysed by Grinder for 4 turns
  4361 | D:3      | Paralysed by Grinder for 3 turns
  4391 | D:3      | Paralysed by Grinder for 7 turns
  4401 | D:3      | Killed Grinder
  4401 | D:3      | Reached skill level 1 in Shields
  4401 | D:3      | Reached XP level 6. HP: 24/32 MP: 0/15
  4795 | D:3      | Reached skill level 5 in Spellcasting
  5150 | D:3      | Learned a level 4 spell: Sticky Flame
  5156 | D:3      | Learned a level 5 spell: Fireball
  5459 | D:4      | Reached XP level 7. HP: 36/36 MP: 11/17
  5626 | D:4      | Found a blossoming altar of Fedhas.
  5788 | D:4      | Found a blossoming altar of Fedhas.
  5788 | D:4      | Found a sparkling altar of Nemelex Xobeh.
  5809 | D:4      | Found a shimmering blue altar of Sif Muna.
  5809 | D:4      | Found an opulent altar of Gozag.
  5810 | D:4      | Found a hazy altar of Hepliaklqana.
  5813 | D:4      | Found a radiant altar of Vehumet.
  5821 | D:4      | Became a worshipper of Vehumet
  5878 | D:4      | Found Suahelix's Antique Armour Emporium.
  6094 | D:4      | Got a bloodstained short sword
  6095 | D:4      | Identified the +9 short sword "Widowermaker" {freeze, Dex+3
                  | SInv} (You found it on level 4 of the Dungeon)
  6176 | D:5      | Entered Level 5 of the Dungeon
  6457 | D:5      | Found a staircase to the Ecumenical Temple.
  6465 | Temple   | Entered the Ecumenical Temple
  6994 | D:5      | Noticed Prince Ribbit
  7001 | D:5      | Killed Prince Ribbit
  7001 | D:5      | Reached skill level 1 in Short Blades
  7001 | D:5      | Reached skill level 6 in Spellcasting
  7126 | D:5      | Noticed Menkaure
  7174 | D:5      | Reached XP level 8. HP: 41/41 MP: 19/19
  7670 | D:5      | Killed Menkaure
  7728 | D:6      | Found Pekh's Book Emporium.
  7756 | D:6      | Found Honefe's Distillery.
  7762 | D:6      | Bought a potion of curing for 42 gold pieces
  7762 | D:6      | Bought a potion of heal wounds for 70 gold pieces
  7800 | D:6      | Reached skill level 5 in Conjurations
  7977 | D:6      | Learned a level 3 spell: Inner Flame
  8109 | D:6      | Reached skill level 7 in Spellcasting
  8162 | D:6      | Found a snail-covered altar of Cheibriados.
  8193 | D:6      | Reached * piety under Vehumet
  8193 | D:6      | Offered knowledge of Magic Dart by Vehumet.
  8256 | D:6      | Learned a level 1 spell: Magic Dart
  8344 | D:6      | Found a runed translucent gate.
  8345 | D:6      | Found a runed translucent gate.
  8346 | D:6      | Found a runed translucent gate.
  8349 | D:6      | Noticed Maedhros's ghost (amateur OpCK)
  8398 | D:6      | Reached XP level 9. HP: 35/45 MP: 18/21
  8413 | D:6      | Killed Maedhros's ghost
  8545 | D:6      | Learned a level 1 spell: Sandblast
  8551 | D:6      | Learned a level 5 spell: Lee's Rapid Deconstruction
  8903 | D:6      | Found Buumodd's Antique Weapon Boutique.
  9189 | D:7      | Reached skill level 8 in Spellcasting
  9521 | D:7      | Reached ** piety under Vehumet
  9521 | D:7      | Offered knowledge of Searing Ray by Vehumet.
  9788 | D:7      | Reached skill level 10 in Fire Magic
  9788 | D:7      | Reached skill level 1 in Earth Magic
 10052 | D:7      | Offered knowledge of Static Discharge by Vehumet.
 10101 | D:7      | Reached XP level 10. HP: 50/50 MP: 7/24
 10342 | D:7      | Learned a level 3 spell: Static Discharge
 10375 | D:7      | Reached skill level 9 in Spellcasting
 10524 | D:7      | Reached skill level 5 in Short Blades
 10529 | D:7      | Reached *** piety under Vehumet
 10741 | D:8      | Reached skill level 10 in Spellcasting
 11079 | D:8      | Offered knowledge of Airstrike by Vehumet.
 11424 | D:8      | Noticed a two-headed ogre
 11431 | D:8      | Killed a two-headed ogre
 11844 | D:9      | Noticed Joseph
 11847 | D:9      | Killed Joseph
 11847 | D:9      | Reached skill level 11 in Spellcasting
 12553 | D:9      | Reached XP level 11. HP: 54/54 MP: 28/28
 12654 | D:9      | Found a sacrificial altar of Ru.
 12707 | D:9      | Learned a level 4 spell: Airstrike
 12909 | D:9      | Noticed a two-headed ogre
 12912 | D:9      | Killed a two-headed ogre
 13078 | D:9      | Reached skill level 1 in Air Magic
 13078 | D:9      | Reached skill level 5 in Earth Magic
 13157 | D:9      | Reached **** piety under Vehumet
 13231 | D:9      | Offered knowledge of Iskenderun's Battlesphere by Vehumet.
 13369 | D:10     | Entered Level 10 of the Dungeon
 13397 | D:10     | You fall into a shaft and drop 3 floors!
 13397 | D:13     | Found Quteum's Assorted Antiques.
 13491 | D:13     | Reached skill level 12 in Spellcasting
 13801 | D:13     | Noticed a green ugly thing
 13814 | D:13     | Killed a green ugly thing
 13997 | D:13     | Identified Sif Muna's Handbook of Arcane Weapons and
                  | Changing
 14005 | D:13     | Learned a level 5 spell: Iskenderun's Battlesphere
 14013 | D:12     | Found a runed translucent door.
 14013 | D:12     | Noticed Hajin's ghost (journeyman DrCj)
 14013 | D:12     | Noticed a deep elf mage
 14019 | D:12     | Killed from afar by a deep elf mage

Levels and vault maps discovered:
D:1:      wander_arrival_desolate, layout_basic
D:2:      layout_basic, uniq_crazy_yiuf_cottage, uniq_jessica
D:3:      layout_loops_corners, marbit_many_paths, first_ration,
          nicolae_tso_carved_into_rock, uniq_grinder
D:4:      layout_cave_pools, minitemple, serial_shops, nicolae_shop_stone,
          fedhas_altar_2
D:5:      layout_gridville, minmay_temple_entry_butterflies,
          grunt_decor_mini_mirrors, kennysheep_nub, uniq_prince_ribbit1,
          uniq_menkaure
D:6:      layout_loops_cross, lemuel_round_altar, serial_shops,
          kennysheep_little_box, shop_fountains,
          nicolae_shop_temple_entry_statues_fountains,
          gammafunk_ghost_nasty_kobolds
D:7:      corexii_shantytown, layout_basic, grunt_livestock
D:8:      layout_basic
D:9:      layout_grid_maze, nicolae_ru_sacrificial_ziggurat, uniq_joseph
D:10:     layout_basic
D:12:     layout_roguey, ebering_ghost_inner_flame
D:13:     layout_basic, serial_shops, nicolae_shop_crystal, hive_lemuel
Temple:   nicolae_temple_figure_eight

Skill      XL: |  1  2  3  4  5  6  7  8  9 10 11 |
---------------+----------------------------------+-----
Conjurations   | 2 3 4 5 6 8 |  8.9
Fire Magic     | 4 5 6 7 8 10 | 10.0
Spellcasting   | 4 5 6 7 8 11 12 | 12.5
Shields        | 1 2 3 4 |  4.0
Short Blades   | 1 3 4 6 7 |  7.0
Earth Magic    | 2 4 5 |  5.0
Air Magic      | 2 |  2.8
Dodging        | |  2.4
Stealth        | |  2.4

Action                   |  1- 3 |  4- 6 |  7- 9 | 10-12 || total
-------------------------+-------+-------+-------+-------++-------
Melee: Dagger            |    16 |    37 |       |       ||    53
       Whip              |       |    52 |       |       ||    52
       Short sword       |       |       |    63 |    27 ||    90
Throw: Stone             |     3 |       |       |       ||     3
 Cast: Foxfire           |    47 |   114 |    74 |     1 ||   236
       Conjure Flame     |       |     8 |     1 |       ||     9
       Sticky Flame      |       |     1 |    30 |    23 ||    54
       Fireball          |       |       |    29 |    58 ||    87
       Sandblast         |       |       |    31 |    34 ||    65
       Lee's Rapid Decon |       |       |       |    14 ||    14
       Static Discharge  |       |       |       |     2 ||     2
       Magic Dart        |       |       |       |     6 ||     6
       Iskenderun's Batt |       |       |       |     1 ||     1
Evoke: Wand              |       |       |       |    11 ||    11
  Use: Potion            |       |     2 |       |     2 ||     4
       Scroll            |       |     2 |     4 |     5 ||    11
 Stab: Sleeping          |     1 |     7 |     2 |       ||    10
       Distracted        |       |       |     1 |       ||     1
       Paralysed         |       |       |       |     1 ||     1
  Eat: Chunk             |     2 |     6 |    15 |    15 ||    38
       Ration            |       |     2 |     2 |     2 ||     6
Armor: Robe              |     5 |    40 |    21 |    12 ||    78
Dodge: Dodged            |    23 |   108 |    42 |    33 ||   206
Block: Buckler           |       |       |    30 |    12 ||    42

Table legend:
 A = Non-vault XP
 B = Vault XP
 C = Vault XP percentage of total XP
 D = Non-vault monster count
 E = Vault monster count
 F = Vault count percentage of total count
                 A         B        C        D         E       F
            +---------+---------+-------+---------+---------+-------
      Total |   12596 |    3645 |  22.4 |     216 |      53 |  19.7
            +---------+---------+-------+---------+---------+-------
        D:1 |      17 |       0 |   0.0 |      12 |       0 |   0.0
        D:2 |      60 |      78 |  56.5 |      18 |       2 |  10.0
        D:3 |     111 |     280 |  71.6 |      31 |       2 |   6.1
        D:4 |     285 |       0 |   0.0 |      21 |       0 |   0.0
        D:5 |     550 |     477 |  46.4 |      17 |       2 |  10.5
        D:6 |     917 |    1308 |  58.8 |      16 |      12 |  42.9
        D:7 |    1758 |    1068 |  37.8 |      31 |      34 |  52.3
        D:8 |    2523 |       0 |   0.0 |      19 |       0 |   0.0
        D:9 |    2683 |     434 |  13.9 |      27 |       1 |   3.6
       D:12 |      46 |       0 |   0.0 |       1 |       0 |   0.0
       D:13 |    3646 |       0 |   0.0 |      23 |       0 |   0.0
            +---------+---------+-------+---------+---------+-------
